Edmonton Oil Kings vs Havana Tropicals
Created - Tuesday, August 29, 2023 at 08:01
Goals
|
| Edmonton Oil Kings |
1 |
0 |
3 |
4 |
| Havana Tropicals |
1 |
2 |
3 |
6 |
|
Shots
|
| Edmonton Oil Kings |
16 |
10 |
19 |
45 |
| Havana Tropicals |
10 |
9 |
8 |
27 |
|
1st period
1. Edmonton Oil Kings , Morgan Barron 1 (Xavier Bourgault 3, Nick Holden 1) at 8:12
2. Havana Tropicals , Milan Lucic 1 (Pierre-edouard Bellemare 3, Samuel Blais 2) at 11:35
Penalties :
Morgan Barron (EOK) for Interference (Minor) at 4:20, Pavel Dorofeyev (HAV) for High sticking (Minor) at 15:53
2nd period
3. Havana Tropicals , Philipp Kurashev 3 (Emil Bemstrom 3, Teddy Blueger 3) at 1:41 (PP)
4. Havana Tropicals , Emil Bemstrom 2 (Philipp Kurashev 2, Timothy Liljegren 2) at 10:33
Penalties :
Nick Holden (EOK) for Hooking (Minor) at 1:29, Kale Clague (EOK) for Tripping (Minor) at 2:26, Juuso Valimaki (EOK) for Goalie Interference (Minor) at 2:56, Ryan McLeod (EOK) for Tripping (Minor) at 5:33, Pierre-edouard Bellemare (HAV) for Hooking (Minor) at 10:53
3rd period
5. Edmonton Oil Kings , Connor McMichael 2 (Kale Clague 1, Josh Mahura 1) at 3:07
6. Edmonton Oil Kings , Kirill Marchenko 3 (Dillon Dube 6, Ryan McLeod 3) at 6:40 (PP)
7. Havana Tropicals , Samuel Blais 5 (Pierre-edouard Bellemare 4) at 8:27 (PP)
8. Edmonton Oil Kings , Kirill Marchenko 4 (Kale Clague 2, Dillon Dube 7) at 10:03
9. Havana Tropicals , Pierre-edouard Bellemare 2 (Darren Raddysh 2) at 11:53
10. Havana Tropicals , Philipp Kurashev 4 (Zach Whitecloud 3, Alexander Nylander 1) at 17:55
Penalties :
Nick Holden (EOK) for Roughing (Minor) at 3:29, Teddy Blueger (HAV) for Interference (Minor) at 6:35, Karel Vejmelka (EOK) for Slashing (Minor) at 8:25 - Tyler Angle served the penalty, Samuel Blais (HAV) for Slashing (Minor) at 14:12
Goalie Stats
Karel Vejmelka (EOK), 21 saves from 27 shots - (0.778), L, 2-2-1, 60:00 minutes
Arvid Soderblom (HAV), 41 saves from 45 shots - (0.911), W, 2-2-0, 60:00 minutes
Players Stats for Edmonton Oil Kings
Player Name G A P +/- PIM S H SB GA TA FO MP PP MP PK MP
------------------------------------------------------------------------------------
Brett Kulak 0 0 0 -1 0 1 2 2 0 1 0/0 23:42 2:52 4:54
Connor McMichael 1 0 1 0 0 1 0 1 1 1 6/8 12:16 0:16 0:00
Dillon Dube 0 2 2 0 0 4 2 0 1 0 2/3 15:21 3:19 0:00
Jack Johnson 0 0 0 -1 0 3 1 2 0 1 0/0 22:19 0:00 5:26
Joey Anderson 0 0 0 0 0 4 0 0 1 0 0/0 18:13 2:31 3:33
Josh Mahura 0 1 1 1 0 1 0 0 0 0 0/0 14:29 0:00 0:26
Julien Gauthier 0 0 0 0 0 1 1 0 1 0 0/0 13:04 2:27 0:00
Juuso Valimaki 0 0 0 -1 2 4 1 1 1 0 0/0 20:01 3:10 3:04
Kale Clague 0 2 2 1 2 2 0 0 0 0 0/0 14:11 0:00 0:09
Kirill Marchenko 2 0 2 0 0 4 0 0 0 0 0/0 15:07 3:19 0:00
Mackenzie Entwistle 0 0 0 -1 0 1 0 1 0 0 1/3 12:21 0:12 2:04
Morgan Barron 1 0 1 0 2 5 1 0 0 0 1/2 16:21 0:12 3:20
Nick Holden 0 1 1 -1 4 2 1 1 0 1 0/0 20:04 0:00 3:22
Noah Gregor 0 0 0 0 0 4 1 1 1 0 0/1 18:11 3:10 3:36
Ryan McLeod 0 1 1 0 2 2 4 0 0 0 17/24 18:46 3:19 3:16
Tyler Angle 0 0 0 -1 0 2 0 0 0 0 4/5 9:40 0:00 0:00
Wade Allison 0 0 0 -1 0 2 2 0 0 0 0/0 12:34 2:52 0:00
Xavier Bourgault 0 1 1 0 0 2 0 0 0 0 6/8 13:05 2:31 0:00
Players Stats for Havana Tropicals
Player Name G A P +/- PIM S H SB GA TA FO MP PP MP PK MP
------------------------------------------------------------------------------------
Alexander Nylander 0 1 1 -2 0 1 0 0 0 1 0/1 12:15 0:00 0:00
Chris Tierney 0 0 0 1 0 0 0 0 0 0 1/4 15:24 0:00 0:00
Darren Raddysh 0 1 1 1 0 1 1 0 0 0 0/0 22:09 4:26 2:55
Dennis Cholowski 0 0 0 1 0 0 1 3 0 0 0/0 22:09 4:26 2:55
Elmer Soderblom 0 0 0 1 0 1 0 0 0 0 0/0 6:29 0:00 0:00
Emil Bemstrom 1 1 2 0 0 3 0 0 0 0 0/2 19:28 4:13 3:14
Henrik Borgstrom 0 0 0 0 0 0 1 0 0 0 0/0 2:01 0:12 0:11
Mattias Norlinder 0 0 0 1 0 0 1 1 1 0 0/0 11:14 0:00 0:00
Milan Lucic 1 0 1 2 0 1 1 1 0 0 0/0 17:21 4:15 0:00
Nolan Foote 0 0 0 1 0 0 0 1 0 0 0/1 5:04 0:12 0:05
Pavel Dorofeyev 0 0 0 -2 2 3 0 0 0 0 1/6 12:24 0:00 0:00
Philipp Kurashev 2 1 3 1 0 7 3 1 1 2 4/17 24:17 4:13 2:56
Pierre-edouard Bellemare 1 2 3 2 2 4 3 0 1 0 10/18 19:19 4:15 2:01
Samuel Blais 1 1 2 2 2 1 1 1 1 1 0/2 17:22 4:15 0:00
Teddy Blueger 0 1 1 0 2 0 3 0 0 1 0/0 19:09 4:13 2:35
Timothy Liljegren 0 1 1 -1 0 1 2 2 0 1 0/0 26:37 4:14 3:07
Zach Aston-Reese 0 0 0 -2 0 2 1 2 0 0 1/3 14:35 0:12 1:02
Zach Whitecloud 0 1 1 -1 0 2 1 2 0 0 0/0 26:37 4:14 3:07
3 Stars
1 - Philipp Kurashev (HAV)
2 - Pierre-edouard Bellemare (HAV)
3 - Samuel Blais (HAV)
Power Play
Edmonton Oil Kings - 1 on 4 Attempt(s) - 25.00%
Havana Tropicals - 2 on 7 Attempt(s) - 28.57%
Penalty Kill
Edmonton Oil Kings - 5 on 7 Attempt(s) - 71.43%
- Score 0 goal in Penalty Kill
Havana Tropicals - 3 on 4 Attempt(s) - 75.00%
- Score 0 goal in Penalty Kill
Team Stat
Edmonton Oil Kings - Hits : 16 - Faceoff Wins : 37 - Blocked Shots : 9 - Penalty Minutes : 14
Havana Tropicals - Hits : 19 - Faceoff Wins : 17 - Blocked Shots : 14 - Penalty Minutes : 8
Official
Referees : Mike Leggo and Greg Kimmerly
Linesman : Ryan Galloway and Derek Nansen
Game Notes
No Game Note
Edmonton Oil Kings
5 vs 5 Forward
Center Left Wing Right Wing Time % Phy DF OF
1 Ryan McLeod Dillon Dube Kirill Marchenko 30 0 2 3
2 Connor McMichael Noah Gregor Joey Anderson 30 0 2 3
3 Xavier Bourgault Morgan Barron Julien Gauthier 25 1 2 2
4 Tyler Angle Mackenzie Entwistle Wade Allison 15 1 2 2
5 vs 5 Defense
Defense Defense Time % Phy DF OF
1 Jack Johnson Nick Holden 34 1 4 0
2 Juuso Valimaki Brett Kulak 31 1 3 1
3 Josh Mahura Kale Clague 25 1 3 1
4 Jack Johnson Brett Kulak 10 1 4 0
PowerPlay Forward
Center Left Wing Right Wing Time % Phy DF OF
1 Ryan McLeod Dillon Dube Kirill Marchenko 55 0 0 5
2 Xavier Bourgault Joey Anderson Julien Gauthier 45 0 0 5
PowerPlay Defense
Defense Defense Time % Phy DF OF
1 Noah Gregor Juuso Valimaki 50 0 1 4
2 Wade Allison Brett Kulak 50 0 1 4
Penalty Kill 4 Players Forward
Center Wing Time % Phy DF OF
1 Ryan McLeod Noah Gregor 50 1 4 0
2 Morgan Barron Joey Anderson 50 1 4 0
Penalty Kill 4 Players Defense
Defense Defense Time % Phy DF OF
1 Jack Johnson Brett Kulak 50 1 4 0
2 Nick Holden Juuso Valimaki 50 1 4 0
Penalty Kill - 3 Players Forward
Forward Time % Phy DF OF
1 Ryan McLeod 50 1 4 0
2 Morgan Barron 50 1 4 0
Penalty Kill - 3 Players Defense
Defense Defense Time % Phy DF OF
1 Jack Johnson Brett Kulak 50 1 4 0
2 Nick Holden Juuso Valimaki 50 1 4 0
4 vs 4 Forward
Center Wing Time % Phy DF OF
1 Ryan McLeod Dillon Dube 50 0 1 4
2 Connor McMichael Kirill Marchenko 50 0 1 4
4 vs 4 Defense
Defense Defense Time % Phy DF OF
1 Jack Johnson Nick Holden 50 1 3 1
2 Brett Kulak Juuso Valimaki 50 1 4 0
Last Minutes Offensive
Center Left Wing Right Wing Defense Defense
Ryan McLeod Dillon Dube Kirill Marchenko Juuso Valimaki Nick Holden
Last Minutes Defensive
Center Left Wing Right Wing Defense Defense
Ryan McLeod Morgan Barron Noah Gregor Jack Johnson Nick Holden
Goaltenders
Starting : Karel Vejmelka
Backup : Jonathan Quick
Extra Forwards
Normal : Noah Gregor, Dillon Dube, Kirill Marchenko - PP : Connor McMichael, Mackenzie Entwistle - PK : Mackenzie Entwistle
Extra Defensemen
Normal : Brett Kulak, Jack Johnson, Nick Holden - PP : Josh Mahura - PK : Nick Holden, Jack Johnson
Penalty Shots
Ryan McLeod, Kirill Marchenko, Noah Gregor, Dillon Dube, Julien Gauthier
Havana Tropicals
5 vs 5 Forward
Center Left Wing Right Wing Time % Phy DF OF
1 Philipp Kurashev Teddy Blueger Emil Bemstrom 30 1 2 2
2 Pierre-edouard Bellemare Samuel Blais Milan Lucic 30 1 2 2
3 Pavel Dorofeyev Zach Aston-Reese Alexander Nylander 25 1 2 2
4 Chris Tierney Elmer Soderblom Philipp Kurashev 15 1 2 2
5 vs 5 Defense
Defense Defense Time % Phy DF OF
1 Timothy Liljegren Zach Whitecloud 30 1 2 2
2 Darren Raddysh Dennis Cholowski 30 1 2 2
3 Mattias Norlinder Chris Tierney 25 1 2 2
4 Timothy Liljegren Zach Whitecloud 15 1 2 2
PowerPlay Forward
Center Left Wing Right Wing Time % Phy DF OF
1 Philipp Kurashev Teddy Blueger Emil Bemstrom 50 1 2 2
2 Pierre-edouard Bellemare Samuel Blais Milan Lucic 50 1 2 2
PowerPlay Defense
Defense Defense Time % Phy DF OF
1 Timothy Liljegren Zach Whitecloud 50 1 2 2
2 Darren Raddysh Dennis Cholowski 50 1 2 2
Penalty Kill 4 Players Forward
Center Wing Time % Phy DF OF
1 Philipp Kurashev Teddy Blueger 50 1 2 2
2 Pierre-edouard Bellemare Emil Bemstrom 50 1 2 2
Penalty Kill 4 Players Defense
Defense Defense Time % Phy DF OF
1 Timothy Liljegren Zach Whitecloud 50 1 2 2
2 Darren Raddysh Dennis Cholowski 50 1 2 2
Penalty Kill - 3 Players Forward
Forward Time % Phy DF OF
1 Philipp Kurashev 50 1 2 2
2 Teddy Blueger 50 1 2 2
Penalty Kill - 3 Players Defense
Defense Defense Time % Phy DF OF
1 Timothy Liljegren Zach Whitecloud 50 1 2 2
2 Darren Raddysh Dennis Cholowski 50 1 2 2
4 vs 4 Forward
Center Wing Time % Phy DF OF
1 Philipp Kurashev Teddy Blueger 50 1 2 2
2 Pierre-edouard Bellemare Emil Bemstrom 50 1 2 2
4 vs 4 Defense
Defense Defense Time % Phy DF OF
1 Timothy Liljegren Zach Whitecloud 50 1 2 2
2 Darren Raddysh Dennis Cholowski 50 1 2 2
Last Minutes Offensive
Center Left Wing Right Wing Defense Defense
Philipp Kurashev Teddy Blueger Emil Bemstrom Timothy Liljegren Zach Whitecloud
Last Minutes Defensive
Center Left Wing Right Wing Defense Defense
Philipp Kurashev Teddy Blueger Emil Bemstrom Timothy Liljegren Zach Whitecloud
Goaltenders
Starting : Arvid Soderblom
Backup : Eric Comrie
Extra Forwards
Normal : Nolan Foote, Henrik Borgstrom, Zach Aston-Reese - PP : Nolan Foote, Henrik Borgstrom - PK : Zach Aston-Reese
Extra Defensemen
Normal : Mattias Norlinder, Darren Raddysh, Dennis Cholowski - PP : Mattias Norlinder - PK : Darren Raddysh, Dennis Cholowski
Penalty Shots
Philipp Kurashev, Teddy Blueger, Pierre-edouard Bellemare, Emil Bemstrom, Samuel Blais
% Time on Ice - Edmonton Oil Kings
Lines # - Real PCT - Wanted PCT - Time Play
Normal Forward
1 - 26% - 30% - 11:54
2 - 29% - 30% - 13:11
3 - 23% - 25% - 10:33
4 - 21% - 15% - 9:40
Normal Defense
1 - 34% - 34% - 15:35
2 - 34% - 31% - 15:26
3 - 29% - 25% - 12:59
4 - 3% - 10% - 1:18
PP Forward
1 - 58% - 55% - 3:31
2 - 42% - 45% - 2:31
PP Defense
1 - 52% - 50% - 3:10
2 - 48% - 50% - 2:52
PK Forward
1 - 50% - 50% - 3:35
2 - 50% - 50% - 3:36
PK Defense
1 - 44% - 50% - 3:10
2 - 56% - 50% - 4:01
PK3 Forward
1 - 48% - 50% - 0:43
2 - 52% - 50% - 0:46
PK3 Defense
1 - 51% - 50% - 0:45
2 - 49% - 50% - 0:44
44 Forward
1 - 0% - 50%
2 - 0% - 50%
44 Defense
1 - 0% - 50%
2 - 0% - 50%
Last Minute Offensive - 0:00
Last Minute Defensive - 0:00
Total
Forward - 60:00
Defense - 60:00
|
% Time on Ice - Havana Tropicals
Lines # - Real PCT - Wanted PCT - Time Play
Normal Forward
1 - 27% - 30% - 12:24
2 - 31% - 30% - 14:10
3 - 27% - 25% - 12:15
4 - 14% - 15% - 6:29
Normal Defense
1 - 32% - 30% - 14:17
2 - 33% - 30% - 14:48
3 - 25% - 25% - 11:14
4 - 11% - 15% - 4:59
PP Forward
1 - 49% - 50% - 4:13
2 - 51% - 50% - 4:27
PP Defense
1 - 49% - 50% - 4:14
2 - 51% - 50% - 4:26
PK Forward
1 - 46% - 50% - 2:45
2 - 54% - 50% - 3:17
PK Defense
1 - 52% - 50% - 3:07
2 - 48% - 50% - 2:55
PK3 Forward
1 - 0% - 50%
2 - 0% - 50%
PK3 Defense
1 - 0% - 50%
2 - 0% - 50%
44 Forward
1 - 0% - 50%
2 - 0% - 50%
44 Defense
1 - 0% - 50%
2 - 0% - 50%
Last Minute Offensive - 0:00
Last Minute Defensive - 0:00
Total
Forward - 60:00
Defense - 60:00
|
Play-by-Play
1st period
0:01 of 1st period - Ryan McLeod wins face-off versus Philipp Kurashev in neutral zone.
0:04 of 1st period - Timothy Liljegren is hit by Dillon Dube and loses puck.
0:13 of 1st period - Timothy Liljegren is hit by Ryan McLeod and loses puck.
0:36 of 1st period - Snap shot by Pierre-edouard Bellemare.
0:36 of 1st period - Deflect By Milan Lucic.
0:36 of 1st period - Shot Misses the Net.
0:36 of 1st period - Puck is out of play.
0:37 of 1st period - Connor McMichael wins face-off versus Pierre-edouard Bellemare in Edmonton Oil Kings zone.
0:58 of 1st period - Slapshot by Milan Lucic.
0:58 of 1st period - Shot Blocked by Noah Gregor.
1:00 of 1st period - Snap shot by Pierre-edouard Bellemare.
1:00 of 1st period - Stopped by Karel Vejmelka with a rebound.
1:04 of 1st period - Slapshot by Samuel Blais.
1:04 of 1st period - Shot Misses the Net.
1:06 of 1st period - Slapshot by Pierre-edouard Bellemare.
1:06 of 1st period - Stopped by Karel Vejmelka without a rebound.
1:07 of 1st period - Pavel Dorofeyev wins face-off versus Xavier Bourgault in Edmonton Oil Kings zone.
1:18 of 1st period - Snap shot by Julien Gauthier.
1:18 of 1st period - Stopped by Arvid Soderblom with a rebound.
2:15 of 1st period - Wrist shot by Noah Gregor.
2:15 of 1st period - Stopped by Arvid Soderblom with a rebound.
2:51 of 1st period - Snap shot by Mackenzie Entwistle.
2:51 of 1st period - Shot Misses the Net.
2:53 of 1st period - Snap shot by Mackenzie Entwistle.
2:53 of 1st period - Deflect By Pierre-edouard Bellemare.
2:53 of 1st period - Shot Blocked by Milan Lucic.
2:53 of 1st period - Puck is out of play.
2:54 of 1st period - Tyler Angle wins face-off versus Philipp Kurashev in Havana Tropicals zone.
3:24 of 1st period - Snap shot by Mackenzie Entwistle.
3:24 of 1st period - Shot Misses the Net.
3:26 of 1st period - Slapshot by Jack Johnson.
3:26 of 1st period - Stopped by Arvid Soderblom with a rebound.
3:28 of 1st period - Slapshot by Nick Holden.
3:28 of 1st period - Shot Misses the Net.
3:30 of 1st period - Slapshot by Nick Holden.
3:30 of 1st period - Shot Misses the Net.
3:32 of 1st period - Snap shot by Wade Allison.
3:32 of 1st period - Shot Misses the Net.
3:34 of 1st period - Slapshot by Nick Holden.
3:34 of 1st period - Stopped by Arvid Soderblom with a rebound.
3:36 of 1st period - Snap shot by Nick Holden.
3:36 of 1st period - Stopped by Arvid Soderblom with a rebound.
3:38 of 1st period - Slapshot by Tyler Angle.
3:38 of 1st period - Stopped by Arvid Soderblom without a rebound.
3:39 of 1st period - Dillon Dube wins face-off versus Pavel Dorofeyev in Havana Tropicals zone.
3:40 of 1st period - Snap shot by Kirill Marchenko.
3:40 of 1st period - Shot Misses the Net.
3:42 of 1st period - Slapshot by Brett Kulak.
3:42 of 1st period - Shot Blocked by Zach Aston-Reese.
4:05 of 1st period - Pierre-edouard Bellemare is hit by Juuso Valimaki and loses puck.
4:20 of 1st period - Minor Penalty to Morgan Barron for Interference.
4:21 of 1st period - Ryan McLeod wins face-off versus Emil Bemstrom in Edmonton Oil Kings zone.
4:26 of 1st period - Slapshot by Noah Gregor.
4:26 of 1st period - Stopped by Arvid Soderblom with a rebound.
4:50 of 1st period - Off-side.
4:51 of 1st period - Pierre-edouard Bellemare wins face-off versus Mackenzie Entwistle in neutral zone.
4:56 of 1st period - Brett Kulak is hit by Pierre-edouard Bellemare and loses puck.
6:20 of 1st period - Penalty to Morgan Barron is over, Morgan Barron is back on ice.
7:14 of 1st period - Off-side.
7:15 of 1st period - Connor McMichael wins face-off versus Nolan Foote in neutral zone.
7:26 of 1st period - Wrist shot by Dillon Dube.
7:26 of 1st period - Shot Misses the Net.
7:38 of 1st period - Snap shot by Pavel Dorofeyev.
7:38 of 1st period - Deflect By Morgan Barron.
7:38 of 1st period - Shot Misses the Net.
7:38 of 1st period - Puck is out of play.
7:39 of 1st period - Xavier Bourgault wins face-off versus Pavel Dorofeyev in Edmonton Oil Kings zone.
7:46 of 1st period - Slapshot by Pavel Dorofeyev.
7:46 of 1st period - Shot Misses the Net.
7:48 of 1st period - Snap shot by Zach Whitecloud.
7:48 of 1st period - Shot Misses the Net.
7:50 of 1st period - Slapshot by Zach Aston-Reese.
7:50 of 1st period - Stopped by Karel Vejmelka with a rebound.
7:52 of 1st period - Slapshot by Zach Whitecloud.
7:52 of 1st period - Shot Blocked by Nick Holden.
8:02 of 1st period - Snap shot by Pavel Dorofeyev.
8:02 of 1st period - Shot Hit the Post.
8:08 of 1st period - Snap shot by Xavier Bourgault.
8:08 of 1st period - Stopped by Arvid Soderblom with a rebound.
8:12 of 1st period - Snap shot by Morgan Barron.
8:12 of 1st period - Goal by Morgan Barron - Edmonton Oil Kings : 1 - Havana Tropicals : 0.
8:13 of 1st period - Connor McMichael wins face-off versus Pierre-edouard Bellemare in neutral zone.
8:41 of 1st period - Wrist shot by Ryan McLeod.
8:41 of 1st period - Stopped by Arvid Soderblom with a rebound.
8:43 of 1st period - Slapshot by Jack Johnson.
8:43 of 1st period - Stopped by Arvid Soderblom with a rebound.
8:45 of 1st period - Slapshot by Jack Johnson.
8:45 of 1st period - Shot Misses the Net.
8:47 of 1st period - Slapshot by Jack Johnson.
8:47 of 1st period - Stopped by Arvid Soderblom with a rebound.
8:49 of 1st period - Slapshot by Jack Johnson.
8:49 of 1st period - Deflect By Kirill Marchenko.
8:49 of 1st period - Stopped by Arvid Soderblom with a rebound.
9:03 of 1st period - Snap shot by Pavel Dorofeyev.
9:03 of 1st period - Stopped by Karel Vejmelka with a rebound.
9:05 of 1st period - Wrist shot by Zach Aston-Reese.
9:05 of 1st period - Stopped by Karel Vejmelka with a rebound.
9:07 of 1st period - Slapshot by Timothy Liljegren.
9:07 of 1st period - Stopped by Karel Vejmelka without a rebound.
9:08 of 1st period - Connor McMichael wins face-off versus Pierre-edouard Bellemare in Edmonton Oil Kings zone.
9:17 of 1st period - Dennis Cholowski is hit by Noah Gregor and loses puck.
10:00 of 1st period - Slapshot by Morgan Barron.
10:00 of 1st period - Shot Misses the Net.
10:24 of 1st period - Teddy Blueger is hit by Wade Allison and loses puck.
11:03 of 1st period - Icing by Kirill Marchenko.
11:04 of 1st period - Xavier Bourgault wins face-off versus Philipp Kurashev in Edmonton Oil Kings zone.
11:04 of 1st period - Xavier Bourgault is hit by Zach Whitecloud.
11:30 of 1st period - Kale Clague is hit by Milan Lucic and loses puck.
11:35 of 1st period - Snap shot by Pierre-edouard Bellemare.
11:35 of 1st period - Deflect By Milan Lucic.
11:35 of 1st period - Goal by Milan Lucic - Edmonton Oil Kings : 1 - Havana Tropicals : 1.
11:36 of 1st period - Pierre-edouard Bellemare wins face-off versus Connor McMichael in neutral zone.
11:45 of 1st period - Slapshot by Milan Lucic.
11:45 of 1st period - Shot Blocked by Brett Kulak.
12:01 of 1st period - Jack Johnson is hit by Teddy Blueger and loses puck.
13:03 of 1st period - Snap shot by Emil Bemstrom.
13:03 of 1st period - Stopped by Karel Vejmelka with a rebound.
13:07 of 1st period - Snap shot by Philipp Kurashev.
13:07 of 1st period - Stopped by Karel Vejmelka without a rebound.
13:08 of 1st period - Pierre-edouard Bellemare wins face-off versus Ryan McLeod in Edmonton Oil Kings zone.
13:36 of 1st period - Pavel Dorofeyev is hit by Jack Johnson and loses puck.
14:18 of 1st period - Snap shot by Pierre-edouard Bellemare.
14:18 of 1st period - Stopped by Karel Vejmelka with a rebound.
15:53 of 1st period - Minor Penalty to Pavel Dorofeyev for High sticking.
15:54 of 1st period - Ryan McLeod wins face-off versus Philipp Kurashev in Havana Tropicals zone.
15:58 of 1st period - Wrist shot by Dillon Dube.
15:58 of 1st period - Deflect By Philipp Kurashev.
15:58 of 1st period - Stopped by Arvid Soderblom with a rebound.
16:00 of 1st period - Slapshot by Juuso Valimaki.
16:00 of 1st period - Stopped by Arvid Soderblom with a rebound.
16:02 of 1st period - Wrist shot by Kirill Marchenko.
16:02 of 1st period - Shot Blocked by Philipp Kurashev.
16:04 of 1st period - Slapshot by Noah Gregor.
16:04 of 1st period - Deflect By Philipp Kurashev.
16:04 of 1st period - Stopped by Arvid Soderblom without a rebound.
16:05 of 1st period - Pierre-edouard Bellemare wins face-off versus Ryan McLeod in Havana Tropicals zone.
16:39 of 1st period - Teddy Blueger is hit by Julien Gauthier and loses puck.
17:53 of 1st period - Penalty to Pavel Dorofeyev is over, Pavel Dorofeyev is back on ice.
18:27 of 1st period - Icing by Julien Gauthier.
18:28 of 1st period - Xavier Bourgault wins face-off versus Pierre-edouard Bellemare in Edmonton Oil Kings zone.
19:09 of 1st period - Snap shot by Samuel Blais.
19:09 of 1st period - Shot Misses the Net.
Goals for this period are 1 for Edmonton Oil Kings vs 1 for Havana Tropicals.
Shots for this period are 16 for Edmonton Oil Kings vs 10 for Havana Tropicals.
2nd period
0:01 of 2nd period - Ryan McLeod wins face-off versus Chris Tierney in neutral zone.
0:04 of 2nd period - Snap shot by Ryan McLeod.
0:04 of 2nd period - Stopped by Arvid Soderblom without a rebound.
0:05 of 2nd period - Chris Tierney wins face-off versus Dillon Dube in Havana Tropicals zone.
0:05 of 2nd period - Chris Tierney is hit by Brett Kulak.
0:13 of 2nd period - Wrist shot by Philipp Kurashev.
0:13 of 2nd period - Shot Misses the Net.
0:59 of 2nd period - Snap shot by Morgan Barron.
0:59 of 2nd period - Stopped by Arvid Soderblom with a rebound.
1:01 of 2nd period - Slapshot by Morgan Barron.
1:01 of 2nd period - Stopped by Arvid Soderblom without a rebound.
1:02 of 2nd period - Ryan McLeod wins face-off versus Philipp Kurashev in Havana Tropicals zone.
1:13 of 2nd period - Philipp Kurashev is hit by Ryan McLeod and loses puck.
1:29 of 2nd period - Minor Penalty to Nick Holden for Hooking.
1:30 of 2nd period - Ryan McLeod wins face-off versus Emil Bemstrom in Edmonton Oil Kings zone.
1:41 of 2nd period - Slapshot by Philipp Kurashev.
1:41 of 2nd period - Goal by Philipp Kurashev - Edmonton Oil Kings : 1 - Havana Tropicals : 2.
1:42 of 2nd period - Ryan McLeod wins face-off versus Samuel Blais in neutral zone.
1:49 of 2nd period - Wrist shot by Dillon Dube.
1:49 of 2nd period - Shot Misses the Net.
2:12 of 2nd period - Slapshot by Noah Gregor.
2:12 of 2nd period - Shot Misses the Net.
2:26 of 2nd period - Minor Penalty to Kale Clague for Tripping.
2:27 of 2nd period - Ryan McLeod wins face-off versus Pierre-edouard Bellemare in Edmonton Oil Kings zone.
2:39 of 2nd period - Off-side.
2:40 of 2nd period - Philipp Kurashev wins face-off versus Morgan Barron in neutral zone.
2:49 of 2nd period - Snap shot by Emil Bemstrom.
2:49 of 2nd period - Stopped by Karel Vejmelka with a rebound.
2:51 of 2nd period - Backhand shot by Philipp Kurashev.
2:51 of 2nd period - Stopped by Karel Vejmelka without a rebound.
2:52 of 2nd period - Pierre-edouard Bellemare wins face-off versus Noah Gregor in Edmonton Oil Kings zone.
2:56 of 2nd period - Minor Penalty to Juuso Valimaki for Goalie Interference.
2:57 of 2nd period - Pierre-edouard Bellemare wins face-off versus Ryan McLeod in Edmonton Oil Kings zone.
3:23 of 2nd period - Philipp Kurashev is hit by Brett Kulak and loses puck.
3:41 of 2nd period - Off-side.
3:42 of 2nd period - Morgan Barron wins face-off versus Pierre-edouard Bellemare in neutral zone.
4:03 of 2nd period - Wrist shot by Philipp Kurashev.
4:03 of 2nd period - Shot Misses the Net.
4:05 of 2nd period - Slapshot by Zach Whitecloud.
4:05 of 2nd period - Stopped by Karel Vejmelka without a rebound.
4:06 of 2nd period - Ryan McLeod wins face-off versus Philipp Kurashev in Edmonton Oil Kings zone.
4:26 of 2nd period - Penalty to Kale Clague is over, Kale Clague is back on ice.
4:47 of 2nd period - Ryan McLeod is hit by Pierre-edouard Bellemare and loses puck.
4:56 of 2nd period - Penalty to Juuso Valimaki is over, Juuso Valimaki is back on ice.
5:16 of 2nd period - Wrist shot by Juuso Valimaki.
5:16 of 2nd period - Stopped by Arvid Soderblom without a rebound.
5:17 of 2nd period - Tyler Angle wins face-off versus Philipp Kurashev in Havana Tropicals zone.
5:28 of 2nd period - Wrist shot by Philipp Kurashev.
5:28 of 2nd period - Stopped by Karel Vejmelka with a rebound.
5:30 of 2nd period - Snap shot by Philipp Kurashev.
5:30 of 2nd period - Stopped by Karel Vejmelka without a rebound.
5:31 of 2nd period - Ryan McLeod wins face-off versus Chris Tierney in Edmonton Oil Kings zone.
5:33 of 2nd period - Minor Penalty to Ryan McLeod for Tripping.
5:34 of 2nd period - Mackenzie Entwistle wins face-off versus Philipp Kurashev in Edmonton Oil Kings zone.
6:10 of 2nd period - Noah Gregor is hit by Pierre-edouard Bellemare and loses puck.
6:21 of 2nd period - Noah Gregor is hit by Philipp Kurashev and loses puck.
6:47 of 2nd period - Icing by Teddy Blueger.
6:48 of 2nd period - Pierre-edouard Bellemare wins face-off versus Mackenzie Entwistle in Havana Tropicals zone.
7:33 of 2nd period - Penalty to Ryan McLeod is over, Ryan McLeod is back on ice.
9:16 of 2nd period - Backhand shot by Morgan Barron.
9:16 of 2nd period - Shot Blocked by Zach Whitecloud.
9:18 of 2nd period - Slapshot by Juuso Valimaki.
9:18 of 2nd period - Stopped by Arvid Soderblom with a rebound.
9:20 of 2nd period - Backhand shot by Brett Kulak.
9:20 of 2nd period - Shot Blocked by Samuel Blais.
9:22 of 2nd period - Snap shot by Xavier Bourgault.
9:22 of 2nd period - Stopped by Arvid Soderblom with a rebound.
9:24 of 2nd period - Snap shot by Juuso Valimaki.
9:24 of 2nd period - Shot Hit the Post.
9:58 of 2nd period - Snap shot by Wade Allison.
9:58 of 2nd period - Stopped by Arvid Soderblom with a rebound.
10:06 of 2nd period - Philipp Kurashev is hit by Wade Allison and loses puck.
10:31 of 2nd period - Wrist shot by Emil Bemstrom.
10:31 of 2nd period - Shot Misses the Net.
10:33 of 2nd period - Slapshot by Emil Bemstrom.
10:33 of 2nd period - Goal by Emil Bemstrom - Edmonton Oil Kings : 1 - Havana Tropicals : 3.
10:34 of 2nd period - Ryan McLeod wins face-off versus Samuel Blais in neutral zone.
10:43 of 2nd period - Chris Tierney is hit by Dillon Dube and loses puck.
10:53 of 2nd period - Minor Penalty to Pierre-edouard Bellemare for Hooking.
10:54 of 2nd period - Ryan McLeod wins face-off versus Zach Aston-Reese in Havana Tropicals zone.
10:54 of 2nd period - Wrist shot by Kirill Marchenko.
10:54 of 2nd period - Stopped by Arvid Soderblom with a rebound.
10:58 of 2nd period - Wrist shot by Dillon Dube.
10:58 of 2nd period - Stopped by Arvid Soderblom with a rebound.
11:00 of 2nd period - Slapshot by Juuso Valimaki.
11:00 of 2nd period - Shot Blocked by Dennis Cholowski.
11:02 of 2nd period - Snap shot by Dillon Dube.
11:02 of 2nd period - Deflect By Ryan McLeod.
11:02 of 2nd period - Shot Misses the Net.
11:02 of 2nd period - Puck is out of play.
11:03 of 2nd period - Ryan McLeod wins face-off versus Zach Aston-Reese in Havana Tropicals zone.
11:29 of 2nd period - Slapshot by Juuso Valimaki.
11:29 of 2nd period - Shot Blocked by Dennis Cholowski.
11:47 of 2nd period - Slapshot by Timothy Liljegren.
11:47 of 2nd period - Shot Blocked by Juuso Valimaki.
12:01 of 2nd period - Slapshot by Noah Gregor.
12:01 of 2nd period - Shot Misses the Net.
12:53 of 2nd period - Penalty to Pierre-edouard Bellemare is over, Pierre-edouard Bellemare is back on ice.
13:07 of 2nd period - Tyler Angle is hit by Dennis Cholowski and loses puck.
16:40 of 2nd period - Icing by Brett Kulak.
16:41 of 2nd period - Tyler Angle wins face-off versus Philipp Kurashev in Edmonton Oil Kings zone.
16:50 of 2nd period - Slapshot by Mackenzie Entwistle.
16:50 of 2nd period - Shot Misses the Net.
17:06 of 2nd period - Wrist shot by Noah Gregor.
17:06 of 2nd period - Stopped by Arvid Soderblom with a rebound.
17:08 of 2nd period - Wrist shot by Kale Clague.
17:08 of 2nd period - Shot Blocked by Dennis Cholowski.
17:20 of 2nd period - Slapshot by Pavel Dorofeyev.
17:20 of 2nd period - Stopped by Karel Vejmelka with a rebound.
17:22 of 2nd period - Backhand shot by Zach Aston-Reese.
17:22 of 2nd period - Shot Misses the Net.
17:24 of 2nd period - Wrist shot by Darren Raddysh.
17:24 of 2nd period - Stopped by Karel Vejmelka with a rebound.
17:26 of 2nd period - Wrist shot by Pavel Dorofeyev.
17:26 of 2nd period - Shot Misses the Net.
17:52 of 2nd period - Josh Mahura is hit by Samuel Blais and loses puck.
Goals for this period are 0 for Edmonton Oil Kings vs 2 for Havana Tropicals.
Shots for this period are 10 for Edmonton Oil Kings vs 9 for Havana Tropicals.
3rd period
0:01 of 3rd period - Connor McMichael wins face-off versus Philipp Kurashev in neutral zone.
0:06 of 3rd period - Connor McMichael is hit by Timothy Liljegren.
0:26 of 3rd period - Samuel Blais is hit by Ryan McLeod and loses puck.
0:45 of 3rd period - Icing by Darren Raddysh.
0:46 of 3rd period - Xavier Bourgault wins face-off versus Pavel Dorofeyev in Havana Tropicals zone.
1:17 of 3rd period - Wrist shot by Emil Bemstrom.
1:17 of 3rd period - Shot Misses the Net.
1:51 of 3rd period - Mackenzie Entwistle is hit by Philipp Kurashev and loses puck.
2:20 of 3rd period - Jack Johnson is hit by Zach Aston-Reese and loses puck.
2:37 of 3rd period - Slapshot by Connor McMichael.
2:37 of 3rd period - Shot Misses the Net.
2:39 of 3rd period - Wrist shot by Kale Clague.
2:39 of 3rd period - Deflect By Joey Anderson.
2:39 of 3rd period - Stopped by Arvid Soderblom without a rebound.
2:40 of 3rd period - Ryan McLeod wins face-off versus Pierre-edouard Bellemare in Havana Tropicals zone.
3:05 of 3rd period - Slapshot by Josh Mahura.
3:05 of 3rd period - Shot Misses the Net.
3:07 of 3rd period - Slapshot by Kale Clague.
3:07 of 3rd period - Deflect By Connor McMichael.
3:07 of 3rd period - Goal by Connor McMichael - Edmonton Oil Kings : 2 - Havana Tropicals : 3.
3:08 of 3rd period - Connor McMichael wins face-off versus Philipp Kurashev in neutral zone.
3:19 of 3rd period - Nick Holden is hit by Philipp Kurashev.
3:29 of 3rd period - Minor Penalty to Nick Holden for Roughing.
3:30 of 3rd period - Ryan McLeod wins face-off versus Philipp Kurashev in Edmonton Oil Kings zone.
3:39 of 3rd period - Brett Kulak is hit by Teddy Blueger and loses puck.
4:00 of 3rd period - Samuel Blais is hit by Ryan McLeod.
5:20 of 3rd period - Noah Gregor is hit by Henrik Borgstrom and loses puck.
5:29 of 3rd period - Penalty to Nick Holden is over, Nick Holden is back on ice.
5:35 of 3rd period - Snap shot by Joey Anderson.
5:35 of 3rd period - Stopped by Arvid Soderblom with a rebound.
5:37 of 3rd period - Wrist shot by Joey Anderson.
5:37 of 3rd period - Stopped by Arvid Soderblom with a rebound.
6:00 of 3rd period - Backhand shot by Nick Holden.
6:00 of 3rd period - Shot Blocked by Nolan Foote.
6:02 of 3rd period - Slapshot by Joey Anderson.
6:02 of 3rd period - Shot Blocked by Timothy Liljegren.
6:04 of 3rd period - Backhand shot by Kale Clague.
6:04 of 3rd period - Stopped by Arvid Soderblom with a rebound.
6:06 of 3rd period - Backhand shot by Kale Clague.
6:06 of 3rd period - Stopped by Arvid Soderblom with a rebound.
6:08 of 3rd period - Slapshot by Josh Mahura.
6:08 of 3rd period - Stopped by Arvid Soderblom with a rebound.
6:18 of 3rd period - Snap shot by Nick Holden.
6:18 of 3rd period - Shot Misses the Net.
6:20 of 3rd period - Snap shot by Nick Holden.
6:20 of 3rd period - Shot Blocked by Zach Whitecloud.
6:24 of 3rd period - Slapshot by Joey Anderson.
6:24 of 3rd period - Shot Misses the Net.
6:26 of 3rd period - Slapshot by Morgan Barron.
6:26 of 3rd period - Shot Blocked by Timothy Liljegren.
6:28 of 3rd period - Snap shot by Nick Holden.
6:28 of 3rd period - Shot Misses the Net.
6:30 of 3rd period - Snap shot by Nick Holden.
6:30 of 3rd period - Deflect By Morgan Barron.
6:30 of 3rd period - Stopped by Arvid Soderblom with a rebound.
6:32 of 3rd period - Snap shot by Nick Holden.
6:32 of 3rd period - Deflect By Morgan Barron.
6:32 of 3rd period - Shot Misses the Net.
6:32 of 3rd period - Puck is out of play.
6:33 of 3rd period - Philipp Kurashev wins face-off versus Tyler Angle in Havana Tropicals zone.
6:35 of 3rd period - Minor Penalty to Teddy Blueger for Interference.
6:36 of 3rd period - Ryan McLeod wins face-off versus Philipp Kurashev in Havana Tropicals zone.
6:40 of 3rd period - Slapshot by Kirill Marchenko.
6:40 of 3rd period - Goal by Kirill Marchenko - Edmonton Oil Kings : 3 - Havana Tropicals : 3.
6:41 of 3rd period - Philipp Kurashev wins face-off versus Ryan McLeod in neutral zone.
6:50 of 3rd period - Slapshot by Emil Bemstrom.
6:50 of 3rd period - Shot Blocked by Jack Johnson.
7:08 of 3rd period - Wrist shot by Mackenzie Entwistle.
7:08 of 3rd period - Stopped by Arvid Soderblom with a rebound.
7:10 of 3rd period - Slapshot by Juuso Valimaki.
7:10 of 3rd period - Shot Blocked by Mattias Norlinder.
7:12 of 3rd period - Snap shot by Brett Kulak.
7:12 of 3rd period - Stopped by Arvid Soderblom with a rebound.
7:14 of 3rd period - Wrist shot by Tyler Angle.
7:14 of 3rd period - Stopped by Arvid Soderblom with a rebound.
7:38 of 3rd period - Julien Gauthier is hit by Mattias Norlinder and loses puck.
8:21 of 3rd period - Wrist shot by Emil Bemstrom.
8:21 of 3rd period - Shot Blocked by Mackenzie Entwistle.
8:25 of 3rd period - Snap shot by Philipp Kurashev.
8:25 of 3rd period - Stopped by Karel Vejmelka without a rebound.
8:25 of 3rd period - Minor Penalty to Karel Vejmelka for Slashing.
8:26 of 3rd period - Pierre-edouard Bellemare wins face-off versus Ryan McLeod in Edmonton Oil Kings zone.
8:27 of 3rd period - Slapshot by Samuel Blais.
8:27 of 3rd period - Goal by Samuel Blais - Edmonton Oil Kings : 3 - Havana Tropicals : 4.
8:28 of 3rd period - Philipp Kurashev wins face-off versus Ryan McLeod in neutral zone.
8:35 of 3rd period - Dillon Dube is hit by Teddy Blueger and loses puck.
8:54 of 3rd period - Samuel Blais is hit by Morgan Barron and loses puck.
10:01 of 3rd period - Slapshot by Dillon Dube.
10:01 of 3rd period - Stopped by Arvid Soderblom with a rebound.
10:03 of 3rd period - Snap shot by Kale Clague.
10:03 of 3rd period - Deflect By Kirill Marchenko.
10:03 of 3rd period - Goal by Kirill Marchenko - Edmonton Oil Kings : 4 - Havana Tropicals : 4.
10:04 of 3rd period - Dillon Dube wins face-off versus Pierre-edouard Bellemare in neutral zone.
10:11 of 3rd period - Snap shot by Dillon Dube.
10:11 of 3rd period - Stopped by Arvid Soderblom with a rebound.
10:31 of 3rd period - Snap shot by Morgan Barron.
10:31 of 3rd period - Shot Misses the Net.
10:37 of 3rd period - Slapshot by Morgan Barron.
10:37 of 3rd period - Stopped by Arvid Soderblom with a rebound.
10:39 of 3rd period - Wrist shot by Brett Kulak.
10:39 of 3rd period - Shot Misses the Net.
11:21 of 3rd period - Snap shot by Wade Allison.
11:21 of 3rd period - Stopped by Arvid Soderblom with a rebound.
11:43 of 3rd period - Wrist shot by Philipp Kurashev.
11:43 of 3rd period - Shot Blocked by Jack Johnson.
11:45 of 3rd period - Wrist shot by Elmer Soderblom.
11:45 of 3rd period - Stopped by Karel Vejmelka without a rebound.
11:46 of 3rd period - Pierre-edouard Bellemare wins face-off versus Xavier Bourgault in Edmonton Oil Kings zone.
11:53 of 3rd period - Wrist shot by Pierre-edouard Bellemare.
11:53 of 3rd period - Goal by Pierre-edouard Bellemare - Edmonton Oil Kings : 4 - Havana Tropicals : 5.
11:54 of 3rd period - Ryan McLeod wins face-off versus Alexander Nylander in neutral zone.
12:41 of 3rd period - Xavier Bourgault is hit by Timothy Liljegren and loses puck.
13:16 of 3rd period - Snap shot by Wade Allison.
13:16 of 3rd period - Shot Blocked by Zach Aston-Reese.
14:12 of 3rd period - Minor Penalty to Samuel Blais for Slashing.
14:13 of 3rd period - Pierre-edouard Bellemare wins face-off versus Ryan McLeod in Havana Tropicals zone.
14:45 of 3rd period - Wrist shot by Joey Anderson.
14:45 of 3rd period - Stopped by Arvid Soderblom with a rebound.
16:12 of 3rd period - Penalty to Samuel Blais is over, Samuel Blais is back on ice.
16:30 of 3rd period - Wrist shot by Pavel Dorofeyev.
16:30 of 3rd period - Shot Misses the Net.
16:32 of 3rd period - Snap shot by Alexander Nylander.
16:32 of 3rd period - Deflect By Wade Allison.
16:32 of 3rd period - Stopped by Karel Vejmelka with a rebound.
16:34 of 3rd period - Snap shot by Alexander Nylander.
16:34 of 3rd period - Shot Blocked by Brett Kulak.
16:36 of 3rd period - Snap shot by Pavel Dorofeyev.
16:36 of 3rd period - Shot Blocked by Connor McMichael.
16:38 of 3rd period - Snap shot by Pavel Dorofeyev.
16:38 of 3rd period - Stopped by Karel Vejmelka without a rebound.
16:39 of 3rd period - Zach Aston-Reese wins face-off versus Connor McMichael in Edmonton Oil Kings zone.
16:42 of 3rd period - Snap shot by Zach Aston-Reese.
16:42 of 3rd period - Shot Misses the Net.
17:02 of 3rd period - Connor McMichael is hit by Darren Raddysh and loses puck.
17:53 of 3rd period - Slapshot by Zach Whitecloud.
17:53 of 3rd period - Stopped by Karel Vejmelka with a rebound.
17:55 of 3rd period - Snap shot by Philipp Kurashev.
17:55 of 3rd period - Goal by Philipp Kurashev - Edmonton Oil Kings : 4 - Havana Tropicals : 6.
17:56 of 3rd period - Xavier Bourgault wins face-off versus Pavel Dorofeyev in neutral zone.
18:49 of 3rd period - Icing by Wade Allison.
18:50 of 3rd period - Tyler Angle wins face-off versus Pavel Dorofeyev in Edmonton Oil Kings zone.
19:16 of 3rd period - Slapshot by Juuso Valimaki.
19:16 of 3rd period - Deflect By Chris Tierney.
19:16 of 3rd period - Stopped by Arvid Soderblom without a rebound.
19:17 of 3rd period - Xavier Bourgault wins face-off versus Chris Tierney in Havana Tropicals zone.
19:42 of 3rd period - Alexander Nylander is hit by Nick Holden and loses puck.
19:47 of 3rd period - Slapshot by Mackenzie Entwistle.
19:47 of 3rd period - Shot Misses the Net.
Goals for this period are 3 for Edmonton Oil Kings vs 3 for Havana Tropicals.
Shots for this period are 19 for Edmonton Oil Kings vs 8 for Havana Tropicals.
Back to the Top